 Dungeon Crawl Stone Soup version 0.16.2-2-g470672f (webtiles) character file.

86 monobi the Insei (level 4, -3/31 HPs)
             Began as an Octopode Monk on Sept 3, 2015.
             Slain by an ice beast (5 damage)
             ... on level 4 of the Dungeon.
             The game lasted 00:03:19 (2138 turns).

monobi the Insei (Octopode Monk)                    Turns: 2138, Time: 00:03:19

Health: -3/31      AC:  1    Str: 10    XL:     4   Next: 49%
Magic:  4/4        EV: 13    Int: 12    God:
Gold:   226        SH:  0    Dex: 15    Spells: 0 memorised, 3 levels left

rFire  . . .     SeeInvis .       - Unarmed
rCold  . . .     Clarity  .     (no shield)
rNeg   . . .     SustAb   .     (helmet restricted)
rPois  .         Gourm    .     (no amulet)
rElec  .         Spirit   .     (no ring)
rCorr  .         Warding  .     (no ring)
rMut   .         Stasis   .     (no ring)
MR     .....                    (no ring)
Stlth  ++++......               (no ring)
                                (no ring)
                                (no ring)
                                (no ring)

@: not resistant to hostile enchantments, stealthy
A: almost no armour, amphibious, 8 rings, constrict 8, camouflage 1, gelatinous
body 1
a: no special abilities


You were on level 4 of the Dungeon.
You were hungry.

You visited 1 branch of the dungeon, and saw 4 of its levels.

You collected 226 gold pieces.

Inventory:

Hand weapons
 n - a +0 scythe of venom
Scrolls
 d - 3 scrolls of remove curse {unknown}
 e - a scroll of amnesia {unknown}
 g - 3 scrolls of teleportation {unknown}
 h - 2 scrolls of identify {unknown}
 i - a scroll of recharging {unknown}
 k - 3 scrolls of blinking {unknown}
 l - 4 scrolls of fear {unknown}
 o - a scroll of fog {unknown}
 p - a scroll of random uselessness {unknown}
 r - a scroll of magic mapping {unknown}
Potions
 f - a potion of flight {unknown}
 j - a potion of heal wounds {unknown}
 m - a potion of resistance {unknown}
Comestibles
 a - a meat ration
 b - 6 bread rations
 q - 3 fruits


   Skills:
 + Level 3.3 Fighting
 + Level 3.4 Dodging
 * Level 4.4 Stealth
 * Level 4.7 Unarmed Combat


You had 3 spell levels left.
You didn't know any spells.

Dungeon Overview and Level Annotations

Branches:
Dungeon (4/15)
 Temple: D:4-7

Altars:
Elyvilon


Innate Abilities, Weirdness & Mutations

You cannot wear most types of armour.
You are amphibious.
You can wear up to eight rings at the same time.
You can use your tentacles to constrict many enemies at once.
Your skin changes colour to match your surroundings (Stealth).
Your rubbery body absorbs attacks (AC +1).


Message History

There are monsters nearby!
You are too injured to fight recklessly!
Drink which item? (? for menu, Esc to quit)
You feel better. The ice beast completely misses you.
You tentacle-slap the ice beast but do no damage.
The ice beast is moderately wounded.
The ice beast hits you. The ice beast freezes you!
* * * LOW HITPOINT WARNING * * *
Drink which item? (? for menu, Esc to quit)
You feel better. The ice beast closely misses you.
There is a stone staircase leading down here.
You see here a whip.
You barely miss the ice beast.
The ice beast is moderately wounded.
The ice beast hits you. The ice beast freezes you!
* * * LOW HITPOINT WARNING * * *
You closely miss the ice beast.
The ice beast is moderately wounded.
The ice beast hits you.
You die...

#..≈≈≈≈≈..#
♣...≈≈≈.(.♣ #.#
♣♣.......♣♣ . #.#
### ♣♣.....♣♣ #.##.#
#.. ♣♣...♣♣ . .#r#
#.# ♣♣.....♣♣ #
#..####.###
♣.......♣♣ #
#..........#######
♣...≈≈≈...♣ ###..#
#.##...Y@..#
♣..≈≈≈≈≈..♣
..$#.####.###r######
.).≈≈_≈≈...
.>....r.r)....#
♣..≈≈≈≈≈..♣
#.##.####.#####
♣...≈≈≈.†.♣ ..##.#
#.# ♣♣.......♣♣
####.# #.# ♣♣.....♣♣
# #.# #.# ♣♣...♣♣
#.# #.. ♣♣.....♣♣
#.############
♣♣.......♣♣


You could see an ice beast and a rat.

Vanquished Creatures
  2 adders
  2 worms
  5 orcs
  7 goblins
  9 hobgoblins
  6 kobolds
  2 ball pythons (D:2)
  6 bats
  A giant cockroach (D:1)
  4 giant geckos
  A giant gecko skeleton (D:4)
  2 giant newts
  2 rats (D:2)
49 creatures vanquished.

Notes
Turn   | Place    | Note
--------------------------------------------------------------
     0 | D:1      | monobi, the Octopode Monk, began the quest for the Orb.
     0 | D:1      | Reached XP level 1. HP: 16/16 MP: 1/1
   513 | D:1      | Reached XP level 2. HP: 21/21 MP: 2/2
   889 | D:2      | Reached XP level 3. HP: 26/26 MP: 3/3
  1560 | D:3      | Reached XP level 4. HP: 3/31 MP: 4/4
  2047 | D:4      | Found a white marble altar of Elyvilon.
  2108 | D:4      | Noticed an ice beast
  2138 | D:4      | Slain by an ice beast

Action                   |  1- 3 |  4- 6 || total
-------------------------+-------+-------++-------
Melee: Unarmed           |    70 |    37 ||   107
  Use: Potion            |       |     3 ||     3
 Stab: Sleeping          |     7 |     3 ||    10
  Eat: Chunk             |       |     3 ||     3
